[ PARTIDA AOE2 · #477888474 ]
UnrankedItalianos vs Malians
Equipo del jugador · DERR
[ ANÁLISIS DE REPETICIÓN · EXTRAÍDO DE LA PARTIDA GRABADA ]
Feudal
13:14
Castillos
16:59
Imperial
—
| APM promedio | 21.7 |
| APM pico | 48 |
| eAPM promedio | 12.6 |
| Aldeanos / militares | 35 / 16 |
Foco
⚔️ 21.1% · 🌾 78.9%
Genoese Crossbowman ×14 · Fishing Ship ×3 · Battering Ram ×2
Feudal
12:14
Castillos
18:54
Imperial
—
| APM promedio | 37.6 |
| APM pico | 69 |
| eAPM promedio | 14.6 |
| Aldeanos / militares | 61 / 14 |
Foco
⚔️ 24.0% · 🌾 76.0%
Fishing Ship ×14 · Galley ×6 · Fire Galley ×5 · Monk ×3 · Trade Cog ×3 · Unknown (2626) ×2
Feudal
14:23
Castillos
17:59
Imperial
—
| APM promedio | 36.9 |
| APM pico | 87 |
| eAPM promedio | 16.5 |
| Aldeanos / militares | 53 / 11 |
Foco
⚔️ 30.3% · 🌾 69.7%
Conquistador ×11 · Fishing Ship ×5
Feudal
14:53
Castillos
19:00
Imperial
—
| APM promedio | 25.5 |
| APM pico | 58 |
| eAPM promedio | 13.3 |
| Aldeanos / militares | 29 / 4 |
Foco
⚔️ 21.0% · 🌾 79.0%
Fishing Ship ×6 · Genoese Crossbowman ×4
Feudal
14:32
Castillos
—
Imperial
—
| APM promedio | 32.0 |
| APM pico | 58 |
| eAPM promedio | 14.8 |
| Aldeanos / militares | 54 / 9 |
Foco
⚔️ 16.1% · 🌾 83.9%
Scout Cavalry ×8 · Fishing Ship ×4 · Spearman ×1
Feudal
13:47
Castillos
19:18
Imperial
26:54
| APM promedio | 25.8 |
| APM pico | 45 |
| eAPM promedio | 14.2 |
| Aldeanos / militares | 45 / 6 |
Foco
⚔️ 36.3% · 🌾 63.7%
Fishing Ship ×23 · Monk ×3 · Galley ×3
Mapa de la partida
Recursos iniciales + cada clic de construcción. Líneas = muros · curvas = relieve. ◆ oro · ⬟ piedra · ● bayas · ✦ reliquia · ◌ hueco del cierre
Tu base· Abierta — hueco de 3t
Base de Keif· Abierta — hueco de 2t
Base de [GDL] P@che rumbo a 1.6k· Abierta — flanco sin cerrar
Base de KbzaSFC· Abierta — hueco de 4t
Base de [Baratos] Roler The Lag Bringer· Abierta — flanco sin cerrar
Base de luislm6621· Abierta — flanco sin cerrar
Terreno inicial suavizado · ◌ = hueco del cierre detectado · pasá el cursor para detalles
Inputs por minuto
— [GDL] El Bromas - - Keif
Build order — [GDL] El Bromas
93 acciones detectadas en el replay
| 0:11 | Construir | House |
| 0:22 | Construir | Town Center |
| 1:41 | Construir | Dock |
| 2:34 | Crear | Villager (Male) |
| 2:34 | Crear | Villager (Male) |
| 2:34 | Crear | Villager (Male) |
| 2:34 | Crear | Villager (Male) |
| 3:58 | Crear | Villager (Male) |
| 4:25 | Construir | House |
| 4:34 | Crear | Villager (Male) |
| 4:34 | Crear | Villager (Male) |
| 5:02 | Crear | Villager (Male) |
| 5:14 | Crear | Villager (Male) |
| 5:14 | Crear | Villager (Male) |
| 5:20 | Crear | Fishing Ship |
| 5:54 | Crear | Villager (Male) |
| 6:03 | Construir | House |
| 6:11 | Crear | Villager (Male) |
| 6:11 | Crear | Villager (Male) |
| 6:11 | Crear | Villager (Male) |
| 6:33 | Crear | Fishing Ship |
| 7:03 | Crear | Villager (Male) |
| 7:25 | Crear | Fishing Ship |
| 7:34 | Construir | House |
| 7:39 | Crear | Villager (Male) |
| 7:40 | Crear | Villager (Male) |
| 7:47 | Crear | Villager (Male) |
| 8:31 | Crear | Villager (Male) |
| 8:53 | Crear | Villager (Male) |
| 9:00 | Construir | House |
| 9:05 | Construir | House |
| 9:39 | Construir | Palisade Gate |
| 9:42 | Construir | Palisade Wall |
| 9:49 | Crear | Villager (Male) |
| 9:54 | Construir | Mill |
| 9:57 | Crear | Villager (Male) |
| 10:10 | Investigar | Loom |
| 10:55 | Investigar | Feudal Age |
| 11:06 | Construir | Mill |
| 11:13 | Construir | House |
| 11:18 | Construir | House |
| 13:14 | Edad | Edad Feudal |
| 13:17 | Crear | Villager (Male) |
| 13:17 | Crear | Villager (Male) |
| 13:21 | Construir | Blacksmith |
| 13:25 | Construir | Market |
| 13:39 | Construir | Mining Camp |
| 13:46 | Investigar | Town Watch |
| 14:19 | Investigar | Castle Age |
| 14:19 | Investigar | Castle Age |
| 14:50 | Construir | Mill |
| 15:58 | Investigar | Fletching |
| 16:35 | Crear | Villager (Male) |
| 16:35 | Crear | Villager (Male) |
| 16:59 | Edad | Edad de los Castillos |
| 17:10 | Construir | Castle |
| 17:25 | Investigar | Bodkin Arrow |
| 18:17 | Crear | Genoese Crossbowman |
| 18:17 | Crear | Genoese Crossbowman |
| 18:54 | Crear | Genoese Crossbowman |
| 18:54 | Crear | Genoese Crossbowman |
| 19:35 | Crear | Villager (Male) |
| 19:35 | Crear | Villager (Male) |
| 20:29 | Crear | Villager (Male) |
| 20:29 | Crear | Villager (Male) |
| 21:02 | Construir | Siege Workshop |
| 21:07 | Crear | Villager (Male) |
| 21:08 | Crear | Villager (Male) |
| 21:08 | Crear | Villager (Male) |
| 22:15 | Crear | Battering Ram |
| 22:18 | Crear | Battering Ram |
| 22:52 | Crear | Villager (Male) |
| 22:56 | Crear | Villager (Male) |
| 23:01 | Construir | Lumber Camp |
| 23:19 | Crear | Genoese Crossbowman |
| 23:42 | Crear | Genoese Crossbowman |
| 23:59 | Crear | Genoese Crossbowman |
| 25:16 | Crear | Genoese Crossbowman |
| 25:17 | Crear | Genoese Crossbowman |
| 26:02 | Crear | Genoese Crossbowman |
| 26:03 | Crear | Genoese Crossbowman |
| 26:28 | Crear | Genoese Crossbowman |
| 26:30 | Investigar | Double-Bit Axe |
| 26:36 | Construir | Farm |
| 26:38 | Construir | Farm |
| 26:39 | Construir | Farm |
| 26:40 | Construir | Farm |
| 26:42 | Construir | Farm |
| 26:43 | Construir | Farm |
| 26:45 | Investigar | Padded Archer Armor |
| 26:52 | Construir | University |
| 27:02 | Crear | Genoese Crossbowman |
| 27:03 | Crear | Genoese Crossbowman |
Build order — Keif
Primeras 150 de 161 acciones detectadas
| 0:06 | Construir | Town Center |
| 0:33 | Construir | Dock |
| 0:36 | Construir | House |
| 2:24 | Crear | Villager (Male) |
| 2:25 | Crear | Villager (Male) |
| 2:25 | Crear | Villager (Male) |
| 2:31 | Crear | Villager (Male) |
| 3:24 | Crear | Fishing Ship |
| 3:32 | Crear | Villager (Male) |
| 4:20 | Crear | Villager (Male) |
| 4:45 | Investigar | Loom |
| 4:47 | Construir | House |
| 5:19 | Crear | Fishing Ship |
| 5:20 | Crear | Villager (Male) |
| 5:45 | Crear | Villager (Male) |
| 5:46 | Crear | Villager (Male) |
| 6:07 | Construir | House |
| 6:19 | Construir | House |
| 6:28 | Crear | Fishing Ship |
| 6:29 | Crear | Villager (Male) |
| 7:02 | Crear | Villager (Male) |
| 7:02 | Crear | Villager (Male) |
| 7:04 | Crear | Villager (Male) |
| 7:04 | Crear | Villager (Male) |
| 7:08 | Crear | Fishing Ship |
| 7:14 | Construir | House |
| 7:53 | Crear | Villager (Male) |
| 8:08 | Construir | Lumber Camp |
| 8:14 | Crear | Villager (Male) |
| 8:34 | Crear | Fishing Ship |
| 8:56 | Crear | Villager (Male) |
| 9:05 | Crear | Villager (Male) |
| 9:11 | Construir | Mining Camp |
| 9:23 | Construir | House |
| 9:42 | Crear | Fishing Ship |
| 9:53 | Investigar | Feudal Age |
| 10:27 | Crear | Fishing Ship |
| 11:06 | Construir | Dock |
| 11:08 | Construir | House |
| 11:18 | Crear | Fishing Ship |
| 11:45 | Crear | Fishing Ship |
| 11:51 | Crear | Fishing Ship |
| 12:03 | Crear | Villager (Male) |
| 12:06 | Construir | House |
| 12:14 | Edad | Edad Feudal |
| 12:18 | Investigar | Double-Bit Axe |
| 12:20 | Investigar | Gold Mining |
| 12:26 | Crear | Fire Galley |
| 12:26 | Crear | Fire Galley |
| 12:49 | Crear | Villager (Male) |
| 12:56 | Crear | Fire Galley |
| 13:01 | Crear | Villager (Male) |
| 13:11 | Construir | House |
| 13:25 | Crear | Unit 2626 |
| 13:32 | Crear | Villager (Male) |
| 13:44 | Construir | Mill |
| 13:45 | Crear | Villager (Male) |
| 13:54 | Crear | Unit 2626 |
| 13:55 | Crear | Fire Galley |
| 14:16 | Crear | Villager (Male) |
| 14:32 | Crear | Fire Galley |
| 14:39 | Construir | Market |
| 14:48 | Crear | Villager (Male) |
| 15:18 | Construir | Blacksmith |
| 15:20 | Crear | Villager (Male) |
| 15:49 | Crear | Villager (Male) |
| 16:05 | Investigar | Castle Age |
| 16:16 | Construir | Mining Camp |
| 16:27 | Construir | Dock |
| 16:58 | Crear | Galley |
| 16:59 | Crear | Galley |
| 16:59 | Crear | Galley |
| 17:00 | Crear | Villager (Male) |
| 17:03 | Construir | House |
| 17:33 | Crear | Galley |
| 18:11 | Crear | Galley |
| 18:11 | Crear | Galley |
| 18:12 | Crear | Trade Cog ×3 |
| 18:20 | Construir | House |
| 18:54 | Edad | Edad de los Castillos |
| 18:58 | Investigar | Fletching |
| 18:59 | Crear | Villager (Male) |
| 19:05 | Construir | Town Center |
| 19:18 | Investigar | Bow Saw |
| 19:20 | Crear | Villager (Male) |
| 19:21 | Crear | Villager (Male) |
| 19:24 | Construir | Lumber Camp |
| 19:33 | Construir | House |
| 19:35 | Crear | Villager (Male) |
| 19:41 | Investigar | Town Watch |
| 19:44 | Crear | Villager (Male) |
| 19:49 | Crear | Villager (Male) |
| 20:00 | Construir | House |
| 20:08 | Investigar | War Galley (upgrade) |
| 20:08 | Crear | Villager (Male) |
| 20:43 | Investigar | Bodkin Arrow |
| 20:44 | Crear | Villager (Male) |
| 20:46 | Crear | Villager (Male) |
| 21:04 | Construir | Dock |
| 21:09 | Crear | Fishing Ship |
| 21:37 | Crear | Villager (Male) |
| 21:43 | Construir | House |
| 21:51 | Crear | Villager (Male) |
| 21:55 | Construir | Monastery |
| 21:56 | Crear | Villager (Male) |
| 22:03 | Construir | House |
| 22:52 | Crear | Villager (Male) |
| 22:54 | Crear | Villager (Male) |
| 22:55 | Crear | Monk |
| 23:14 | Crear | Monk |
| 23:19 | Crear | Villager (Male) |
| 23:24 | Investigar | Tech 906 |
| 23:24 | Crear | Fishing Ship |
| 23:25 | Crear | Fishing Ship |
| 23:25 | Crear | Fishing Ship |
| 23:33 | Construir | Dock |
| 23:56 | Crear | Villager (Male) |
| 23:58 | Crear | Villager (Male) |
| 24:01 | Construir | Palisade Wall |
| 24:03 | Crear | Villager (Male) |
| 24:07 | Construir | Town Center |
| 24:15 | Construir | Castle |
| 24:16 | Construir | Mining Camp |
| 24:47 | Crear | Villager (Male) |
| 24:56 | Crear | Villager (Male) |
| 24:59 | Crear | Villager (Male) |
| 25:02 | Crear | Monk |
| 25:13 | Construir | Palisade Wall |
| 25:15 | Crear | Villager (Male) |
| 25:19 | Crear | Villager (Male) |
| 25:24 | Construir | Farm |
| 25:25 | Construir | Farm |
| 25:25 | Construir | Farm |
| 25:25 | Construir | Farm |
| 25:26 | Construir | Farm |
| 25:26 | Construir | Farm |
| 25:29 | Construir | Farm |
| 25:30 | Construir | Farm |
| 25:30 | Construir | Farm |
| 25:31 | Construir | Farm |
| 26:07 | Crear | Villager (Male) |
| 26:12 | Construir | Farm |
| 26:12 | Construir | Farm |
| 26:13 | Construir | Farm |
| 26:13 | Construir | Farm |
| 26:13 | Construir | Farm |
| 26:13 | Construir | Farm |
| 26:13 | Construir | Farm |
| 26:14 | Construir | Farm |
| 26:14 | Crear | Villager (Male) |
Build order — [GDL] P@che rumbo a 1.6k
118 acciones detectadas en el replay
| 0:29 | Construir | Town Center |
| 1:06 | Construir | Dock |
| 1:07 | Construir | House |
| 2:45 | Crear | Villager (Male) ×4 |
| 4:02 | Crear | Villager (Male) |
| 4:11 | Crear | Fishing Ship |
| 4:16 | Construir | House |
| 4:52 | Crear | Villager (Male) |
| 5:13 | Crear | Fishing Ship |
| 5:26 | Investigar | Loom |
| 5:36 | Crear | Villager (Male) |
| 5:54 | Construir | House |
| 6:09 | Crear | Villager (Male) |
| 6:19 | Crear | Fishing Ship |
| 6:26 | Crear | Villager (Male) |
| 6:53 | Crear | Villager (Male) |
| 6:54 | Crear | Villager (Male) |
| 6:54 | Crear | Villager (Male) |
| 7:32 | Crear | Villager (Male) |
| 7:38 | Crear | Fishing Ship |
| 7:45 | Construir | House |
| 8:01 | Crear | Villager (Male) |
| 8:27 | Crear | Villager (Male) |
| 8:28 | Crear | Villager (Male) |
| 8:28 | Crear | Villager (Male) |
| 8:28 | Crear | Villager (Male) |
| 8:43 | Crear | Fishing Ship |
| 8:58 | Crear | Villager (Male) |
| 8:58 | Crear | Villager (Male) |
| 8:58 | Crear | Villager (Male) |
| 9:26 | Crear | Villager (Male) |
| 10:19 | Construir | Mill |
| 10:34 | Construir | House |
| 10:41 | Construir | House |
| 10:53 | Construir | Mill |
| 11:26 | Investigar | Feudal Age |
| 11:47 | Construir | Dock |
| 12:34 | Construir | Mining Camp |
| 12:42 | Construir | House |
| 14:23 | Edad | Edad Feudal |
| 14:26 | Construir | Market |
| 14:28 | Construir | Blacksmith |
| 14:29 | Crear | Villager (Male) |
| 14:29 | Crear | Villager (Male) |
| 14:51 | Construir | Mining Camp |
| 15:10 | Investigar | Castle Age |
| 15:42 | Construir | Lumber Camp |
| 16:46 | Investigar | Double-Bit Axe |
| 16:50 | Investigar | Fletching |
| 16:50 | Investigar | Padded Archer Armor |
| 16:59 | Investigar | Horse Collar |
| 17:00 | Crear | Villager (Male) |
| 17:47 | Construir | House |
| 17:59 | Edad | Edad de los Castillos |
| 18:10 | Construir | Castle |
| 18:16 | Crear | Villager (Male) |
| 18:26 | Construir | Dock |
| 19:02 | Construir | House |
| 19:09 | Crear | Villager (Male) |
| 19:10 | Crear | Villager (Male) |
| 19:26 | Crear | Conquistador |
| 19:26 | Crear | Conquistador |
| 19:26 | Crear | Conquistador |
| 19:53 | Crear | Villager (Male) |
| 20:00 | Construir | Farm |
| 20:00 | Construir | Farm |
| 20:01 | Construir | Farm |
| 20:01 | Construir | Farm |
| 20:01 | Construir | Farm |
| 20:02 | Construir | Farm |
| 20:11 | Crear | Villager (Male) |
| 20:27 | Crear | Villager (Male) |
| 20:31 | Crear | Conquistador |
| 21:04 | Crear | Villager (Male) |
| 21:04 | Crear | Villager (Male) |
| 21:16 | Construir | Town Center |
| 21:21 | Crear | Villager (Male) |
| 21:33 | Crear | Conquistador |
| 22:18 | Crear | Villager (Male) |
| 22:18 | Crear | Conquistador |
| 22:42 | Crear | Villager (Male) |
| 22:43 | Crear | Conquistador |
| 23:16 | Crear | Conquistador |
| 23:16 | Crear | Conquistador |
| 23:37 | Crear | Villager (Male) |
| 23:41 | Construir | Farm |
| 23:41 | Construir | Farm |
| 23:41 | Construir | Farm |
| 23:42 | Construir | Farm |
| 23:42 | Construir | Farm |
| 23:42 | Construir | Farm |
| 23:42 | Construir | Farm |
| 23:43 | Construir | Farm |
| 23:43 | Construir | Farm |
| 23:43 | Construir | Farm |
| 23:43 | Construir | Farm |
| 23:44 | Construir | Farm |
| 24:02 | Crear | Villager (Male) |
| 24:40 | Crear | Villager (Male) |
| 24:42 | Crear | Villager (Male) |
| 24:57 | Construir | Farm |
| 25:15 | Crear | Villager (Male) |
| 25:15 | Crear | Villager (Male) |
| 25:15 | Crear | Villager (Male) |
| 25:15 | Crear | Villager (Male) |
| 25:24 | Construir | Castle |
| 25:27 | Crear | Conquistador |
| 25:27 | Crear | Conquistador |
| 25:38 | Crear | Villager (Male) |
| 25:56 | Crear | Villager (Male) |
| 26:30 | Crear | Villager (Male) |
| 26:30 | Crear | Villager (Male) |
| 26:30 | Crear | Villager (Male) |
| 26:45 | Construir | Town Center |
| 26:49 | Crear | Villager (Male) |
| 27:25 | Crear | Villager (Male) |
| 27:26 | Crear | Villager (Male) |
| 27:26 | Crear | Villager (Male) |
Build order — KbzaSFC
69 acciones detectadas en el replay
| 0:11 | Construir | Town Center |
| 1:30 | Construir | House |
| 2:28 | Crear | Villager (Male) |
| 2:28 | Crear | Villager (Male) |
| 2:29 | Crear | Villager (Male) |
| 2:29 | Crear | Villager (Male) |
| 2:29 | Crear | Villager (Male) |
| 2:43 | Construir | Dock |
| 3:56 | Construir | House |
| 4:17 | Investigar | Loom |
| 4:26 | Crear | Fishing Ship |
| 4:42 | Construir | House |
| 4:46 | Crear | Villager (Male) |
| 5:18 | Crear | Villager (Male) |
| 5:33 | Crear | Villager (Male) |
| 5:38 | Crear | Fishing Ship |
| 6:03 | Crear | Villager (Male) |
| 6:03 | Crear | Villager (Male) |
| 6:16 | Construir | House |
| 6:30 | Crear | Villager (Male) |
| 6:35 | Crear | Fishing Ship |
| 6:46 | Crear | Villager (Male) |
| 6:46 | Crear | Villager (Male) |
| 7:14 | Crear | Villager (Male) |
| 7:36 | Crear | Villager (Male) |
| 7:43 | Construir | Mill |
| 7:52 | Crear | Villager (Male) |
| 7:54 | Crear | Fishing Ship |
| 8:01 | Construir | House |
| 8:27 | Crear | Villager (Male) |
| 8:47 | Crear | Villager (Male) |
| 8:47 | Crear | Villager (Male) |
| 9:14 | Crear | Fishing Ship |
| 9:55 | Crear | Villager (Male) |
| 10:16 | Construir | House |
| 10:24 | Crear | Villager (Male) |
| 10:38 | Construir | House |
| 10:43 | Crear | Villager (Male) |
| 11:09 | Construir | Mill |
| 11:12 | Crear | Villager (Male) |
| 11:53 | Crear | Villager (Male) |
| 12:18 | Crear | Villager (Male) |
| 12:43 | Investigar | Feudal Age |
| 12:47 | Construir | Mining Camp |
| 14:53 | Edad | Edad Feudal |
| 15:01 | Construir | Market |
| 15:05 | Construir | Blacksmith |
| 15:05 | Crear | Villager (Male) |
| 15:06 | Crear | Villager (Male) |
| 15:14 | Construir | Lumber Camp |
| 15:18 | Crear | Villager (Male) |
| 15:26 | Crear | Fishing Ship |
| 16:02 | Construir | House |
| 16:03 | Investigar | Castle Age |
| 16:13 | Construir | Mining Camp |
| 16:28 | Investigar | Double-Bit Axe |
| 16:30 | Investigar | Gold Mining |
| 17:26 | Crear | Villager (Male) |
| 17:33 | Construir | Mining Camp |
| 17:59 | Investigar | Fletching |
| 18:17 | Construir | Palisade Wall |
| 18:23 | Construir | Palisade Wall |
| 19:00 | Edad | Edad de los Castillos |
| 19:07 | Construir | Castle |
| 19:24 | Construir | House |
| 20:13 | Crear | Genoese Crossbowman |
| 21:49 | Crear | Genoese Crossbowman |
| 23:44 | Crear | Genoese Crossbowman |
| 24:08 | Crear | Genoese Crossbowman |
Build order — [Baratos] Roler The Lag Bringer
117 acciones detectadas en el replay
| 0:08 | Construir | Town Center |
| 1:54 | Construir | House |
| 2:37 | Crear | Villager (Male) |
| 2:38 | Crear | Villager (Male) |
| 2:44 | Crear | Villager (Male) |
| 2:44 | Crear | Villager (Male) |
| 2:45 | Crear | Villager (Male) |
| 4:01 | Crear | Villager (Male) |
| 4:01 | Crear | Villager (Male) |
| 4:33 | Crear | Villager (Male) |
| 4:33 | Crear | Villager (Male) |
| 5:03 | Crear | Villager (Male) |
| 5:39 | Construir | Dock |
| 5:41 | Crear | Villager (Male) |
| 5:41 | Crear | Villager (Male) |
| 5:47 | Construir | House |
| 5:56 | Investigar | Loom |
| 6:04 | Crear | Villager (Male) |
| 6:04 | Crear | Villager (Male) |
| 6:34 | Crear | Villager (Male) |
| 6:35 | Crear | Villager (Male) |
| 6:55 | Crear | Villager (Male) |
| 6:55 | Crear | Villager (Male) |
| 7:18 | Crear | Villager (Male) |
| 7:18 | Crear | Villager (Male) |
| 7:49 | Crear | Villager (Male) |
| 7:50 | Crear | Villager (Male) |
| 7:55 | Crear | Fishing Ship |
| 8:18 | Construir | House |
| 8:36 | Construir | House |
| 9:04 | Crear | Villager (Male) |
| 9:05 | Crear | Villager (Male) |
| 9:16 | Crear | Villager (Male) |
| 9:23 | Crear | Villager (Male) |
| 9:50 | Construir | Mill |
| 10:00 | Crear | Fishing Ship |
| 10:04 | Construir | Mill |
| 10:09 | Crear | Villager (Male) |
| 11:23 | Construir | Barracks |
| 11:49 | Crear | Fishing Ship |
| 11:53 | Crear | Villager (Male) |
| 11:53 | Crear | Villager (Male) |
| 12:22 | Investigar | Feudal Age |
| 12:26 | Construir | House |
| 12:53 | Crear | Fishing Ship |
| 13:01 | Construir | House |
| 13:09 | Construir | House |
| 13:36 | Crear | Villager (Male) |
| 13:47 | Construir | Mill |
| 13:57 | Crear | Villager (Male) |
| 14:32 | Edad | Edad Feudal |
| 14:35 | Construir | Stable |
| 14:37 | Crear | Villager (Male) |
| 15:06 | Construir | Mining Camp |
| 15:41 | Crear | Villager (Male) |
| 15:56 | Crear | Scout Cavalry |
| 15:56 | Crear | Scout Cavalry |
| 16:16 | Crear | Villager (Male) |
| 16:21 | Crear | Scout Cavalry |
| 16:37 | Construir | Blacksmith |
| 16:50 | Construir | House |
| 16:59 | Crear | Scout Cavalry |
| 17:19 | Crear | Villager (Male) |
| 17:20 | Crear | Villager (Male) |
| 17:34 | Investigar | Scale Barding Armor |
| 17:40 | Investigar | Bloodlines |
| 17:44 | Crear | Villager (Male) |
| 18:08 | Investigar | Forging |
| 18:25 | Crear | Villager (Male) |
| 18:52 | Crear | Scout Cavalry |
| 19:00 | Crear | Villager (Male) |
| 19:13 | Crear | Spearman |
| 19:21 | Crear | Villager (Male) |
| 19:21 | Crear | Villager (Male) |
| 19:28 | Crear | Villager (Male) |
| 19:28 | Crear | Villager (Male) |
| 19:31 | Investigar | Wheelbarrow |
| 19:52 | Crear | Villager (Male) |
| 20:02 | Construir | Lumber Camp |
| 20:04 | Construir | Farm |
| 20:05 | Construir | Farm |
| 20:05 | Construir | Farm |
| 20:05 | Construir | Farm |
| 20:05 | Construir | Farm |
| 20:05 | Construir | Farm |
| 20:06 | Construir | Farm |
| 20:10 | Crear | Scout Cavalry |
| 20:58 | Crear | Villager (Male) |
| 20:58 | Crear | Villager (Male) |
| 21:13 | Construir | Farm |
| 21:13 | Construir | Farm |
| 21:16 | Construir | Farm |
| 21:22 | Construir | Farm |
| 22:04 | Crear | Villager (Male) |
| 22:14 | Crear | Villager (Male) |
| 22:14 | Crear | Villager (Male) |
| 22:19 | Construir | Farm |
| 22:24 | Investigar | Double-Bit Axe |
| 22:30 | Construir | House |
| 23:12 | Construir | Mill |
| 23:13 | Construir | Farm |
| 23:13 | Construir | Farm |
| 23:13 | Construir | Farm |
| 23:13 | Construir | Farm |
| 23:14 | Construir | Farm |
| 23:35 | Crear | Villager (Male) |
| 23:44 | Construir | Market |
| 23:50 | Crear | Scout Cavalry |
| 23:54 | Crear | Villager (Male) |
| 24:45 | Investigar | Gold Mining |
| 24:52 | Crear | Scout Cavalry |
| 25:38 | Crear | Villager (Male) |
| 25:39 | Crear | Villager (Male) |
| 26:16 | Crear | Villager (Male) |
| 26:18 | Investigar | Town Watch |
| 26:21 | Investigar | Castle Age |
| 27:15 | Construir | Farm |
Build order — luislm6621
126 acciones detectadas en el replay
| 0:35 | Construir | Town Center |
| 2:14 | Construir | Dock |
| 2:20 | Construir | House |
| 2:21 | Construir | Palisade Wall |
| 3:07 | Crear | Villager (Male) |
| 3:07 | Crear | Villager (Male) |
| 3:07 | Crear | Villager (Male) |
| 3:07 | Crear | Villager (Male) |
| 3:07 | Crear | Villager (Male) |
| 3:25 | Crear | Fishing Ship |
| 4:27 | Construir | House |
| 4:43 | Crear | Fishing Ship |
| 4:57 | Construir | House |
| 5:05 | Crear | Villager (Male) |
| 5:27 | Investigar | Loom |
| 5:31 | Crear | Fishing Ship |
| 5:56 | Crear | Fishing Ship |
| 6:07 | Crear | Villager (Male) |
| 6:42 | Crear | Villager (Male) |
| 7:02 | Crear | Villager (Male) |
| 7:24 | Crear | Villager (Male) |
| 7:30 | Construir | Dock |
| 7:47 | Crear | Villager (Male) |
| 7:51 | Construir | House |
| 8:11 | Crear | Fishing Ship |
| 8:13 | Crear | Villager (Male) |
| 8:24 | Construir | House |
| 8:27 | Construir | Palisade Wall |
| 8:44 | Crear | Villager (Male) |
| 8:51 | Crear | Villager (Male) |
| 9:05 | Crear | Fishing Ship |
| 9:05 | Crear | Fishing Ship |
| 9:13 | Construir | Palisade Wall |
| 9:26 | Crear | Villager (Male) |
| 9:31 | Crear | Fishing Ship |
| 9:52 | Construir | Mill |
| 9:56 | Crear | Villager (Male) |
| 10:09 | Construir | Palisade Wall |
| 10:11 | Crear | Villager (Male) |
| 10:16 | Crear | Villager (Male) |
| 10:21 | Construir | Lumber Camp |
| 10:46 | Crear | Villager (Male) |
| 11:04 | Construir | Palisade Wall |
| 11:13 | Construir | House |
| 11:19 | Crear | Villager (Male) |
| 11:37 | Construir | Palisade Wall |
| 11:44 | Investigar | Feudal Age |
| 12:02 | Construir | House |
| 12:03 | Construir | House |
| 12:20 | Construir | Mining Camp |
| 12:51 | Construir | Dock |
| 13:13 | Construir | House |
| 13:35 | Construir | House |
| 13:39 | Construir | House |
| 13:47 | Edad | Edad Feudal |
| 13:48 | Investigar | Town Watch |
| 13:48 | Investigar | Town Watch |
| 13:49 | Investigar | Double-Bit Axe |
| 13:53 | Crear | Galley ×3 |
| 14:10 | Crear | Villager (Male) |
| 14:16 | Construir | House |
| 14:17 | Construir | Palisade Wall |
| 14:20 | Construir | House |
| 14:23 | Construir | House |
| 14:29 | Crear | Villager (Male) |
| 14:50 | Construir | Blacksmith |
| 14:54 | Construir | Palisade Wall |
| 14:59 | Crear | Villager (Male) |
| 15:12 | Crear | Villager (Male) |
| 15:28 | Crear | Villager (Male) |
| 15:33 | Construir | Market |
| 15:53 | Construir | Palisade Wall |
| 16:07 | Crear | Villager (Male) |
| 16:27 | Crear | Villager (Male) |
| 16:30 | Investigar | Fletching |
| 16:50 | Investigar | Castle Age |
| 17:24 | Crear | Fishing Ship ×5 |
| 17:25 | Investigar | Tech 906 |
| 18:01 | Construir | Dock |
| 18:08 | Construir | Palisade Wall |
| 18:45 | Crear | Villager (Male) |
| 19:07 | Crear | Fishing Ship ×5 |
| 19:18 | Construir | House |
| 19:18 | Edad | Edad de los Castillos |
| 19:19 | Construir | House |
| 19:31 | Crear | Villager (Male) |
| 19:40 | Investigar | Bow Saw |
| 19:40 | Investigar | Bow Saw |
| 19:40 | Investigar | Bow Saw |
| 19:42 | Investigar | Bodkin Arrow |
| 20:10 | Crear | Villager (Male) |
| 20:29 | Crear | Villager (Male) |
| 20:52 | Crear | Fishing Ship ×5 |
| 20:53 | Investigar | Gillnets |
| 20:55 | Crear | Villager (Male) |
| 21:22 | Construir | Dock |
| 21:27 | Crear | Villager (Male) |
| 21:27 | Crear | Villager (Male) |
| 21:33 | Construir | University |
| 21:38 | Construir | Monastery |
| 21:56 | Construir | House |
| 21:58 | Construir | Stone Wall |
| 22:04 | Crear | Villager (Male) |
| 22:04 | Crear | Villager (Male) |
| 22:19 | Construir | House |
| 22:23 | Construir | House |
| 22:25 | Crear | Monk |
| 22:26 | Crear | Villager (Male) |
| 22:34 | Construir | Town Center |
| 22:47 | Crear | Villager (Male) |
| 23:00 | Crear | Villager (Male) |
| 23:30 | Crear | Monk |
| 23:44 | Construir | House |
| 24:09 | Investigar | Imperial Age |
| 24:29 | Construir | Stone Wall |
| 24:31 | Construir | Outpost |
| 24:46 | Crear | Villager (Male) |
| 24:46 | Crear | Villager (Male) |
| 24:54 | Crear | Villager (Male) |
| 25:28 | Investigar | Gold Mining |
| 25:40 | Crear | Monk |
| 25:54 | Crear | Villager (Male) |
| 25:58 | Crear | Villager (Male) |
| 26:05 | Construir | Mining Camp |
| 26:11 | Crear | Villager (Male) |
| 26:54 | Edad | Edad Imperial |
Cronología de la partida
| 0:33 | Keif · first_building Dock |
| 1:06 | [GDL] P@che rumbo a 1.6k · first_building Dock |
| 1:41 | [GDL] El Bromas · first_building Dock |
| 2:14 | luislm6621 · first_building Dock |
| 2:21 | luislm6621 · wall_segment Palisade Wall x1 |
| 2:43 | KbzaSFC · first_building Dock |
| 5:39 | [Baratos] Roler The Lag Bringer · first_building Dock |
| 8:27 | luislm6621 · wall_segment Palisade Wall x1 |
| 9:13 | luislm6621 · wall_segment Palisade Wall x4 |
| 9:42 | [GDL] El Bromas · wall_segment Palisade Wall x1 |
| 10:09 | luislm6621 · wall_segment Palisade Wall x11 |
| 11:04 | luislm6621 · wall_segment Palisade Wall x1 |
| 11:23 | [Baratos] Roler The Lag Bringer · first_building Barracks |
| 11:37 | luislm6621 · wall_segment Palisade Wall x1 |
| 12:14 | Keif · age_up feudal |
| 13:14 | [GDL] El Bromas · age_up feudal |
| 13:47 | luislm6621 · age_up feudal |
| 14:17 | luislm6621 · wall_segment Palisade Wall x1 |
| 14:23 | [GDL] P@che rumbo a 1.6k · age_up feudal |
| 14:32 | [Baratos] Roler The Lag Bringer · age_up feudal |
| 14:35 | [Baratos] Roler The Lag Bringer · first_building Stable |
| 14:53 | KbzaSFC · age_up feudal |
| 14:54 | luislm6621 · wall_segment Palisade Wall x1 |
| 15:07 | [GDL] P@che rumbo a 1.6k · first_market_sell 100 food |
| 15:53 | luislm6621 · wall_segment Palisade Wall x10 |
| 16:41 | luislm6621 · first_market_buy 100 food |
| 16:59 | [GDL] El Bromas · age_up castle |
| 17:10 | [GDL] El Bromas · first_building Castle |
| 17:59 | [GDL] P@che rumbo a 1.6k · age_up castle |
| 18:08 | luislm6621 · wall_segment Palisade Wall x1 |
| 18:10 | [GDL] P@che rumbo a 1.6k · first_building Castle |
| 18:17 | KbzaSFC · wall_segment Palisade Wall x1 |
| 18:23 | KbzaSFC · wall_segment Palisade Wall x1 |
| 18:54 | Keif · age_up castle |
| 19:00 | KbzaSFC · age_up castle |
| 19:07 | KbzaSFC · first_building Castle |
| 19:15 | Keif · first_market_sell 100 food |
| 19:16 | Keif · first_market_buy 100 wood |
| 19:18 | luislm6621 · age_up castle |
| 20:30 | [GDL] P@che rumbo a 1.6k · first_market_buy 100 food |
| 21:02 | [GDL] El Bromas · first_building Siege Workshop |
| 21:38 | luislm6621 · first_building Monastery |
| 21:55 | Keif · first_building Monastery |
| 21:58 | luislm6621 · wall_segment Stone Wall x1 |
| 24:01 | Keif · wall_segment Palisade Wall x1 |
| 24:06 | luislm6621 · first_market_sell 100 food |
| 24:15 | Keif · first_building Castle |
| 24:29 | luislm6621 · wall_segment Stone Wall x1 |
| 25:13 | Keif · wall_segment Palisade Wall x1 |
| 26:54 | luislm6621 · age_up imperial |
| 26:57 | KbzaSFC · resign |
[ ANÁLISIS IA · 1 CRÉDITO ]
¿Qué pasó realmente en esta partida?
Wolo.gg analiza cada decisión: build order, eco, micro, errores típicos por bracket. Análisis personalizado por WhatsApp o Discord en 30 segundos.
Guía civ
Italianos
Perfil
Jugador #6033876